 Dungeon Crawl Stone Soup version 0.29-a0-322-g68df515428 (webtiles) character file.

Game seed: 1549678040390013665

11 kae the Firebug (level 2, 0/16 HPs)
             Began as a Tengu Fire Elementalist on Apr 8, 2022.
             Slain by a goblin
             ... wielding a +0 club
              (3 damage)
             ... on level 1 of the Dungeon.
             The game lasted 00:00:15 (234 turns).

kae the Firebug (Tengu Fire Elementalist)            Turns: 234, Time: 00:00:16

Health: 0/16       AC:  2    Str:  8    XL:     2   Next: 29%
Magic:  0/6        EV: 12    Int: 15    God:
Gold:   0          SH:  0    Dex: 14    Spells: 4/5 levels left

rFire   . . .      SeeInvis .   d - staff of death
rCold   . . .      Faith    .   (no shield)
rNeg    + . .      Spirit   .   a - +0 robe
rPois   .          Reflect  .   (helmet restricted)
rElec   .          Harm     .   (no cloak)
rCorr   .          Rampage  .   (no gloves)
Will    .....                   (boots unavailable)
Stlth   ++........              (no amulet)
HPRegen 0.05/turn               (no ring)
MPRegen 0.10/turn               (no ring)

@: brilliant, very slightly contaminated
A: beak, talons 3
a: no special abilities


You were on level 1 of the Dungeon.
You visited 1 branch of the dungeon, and saw 1 of its levels.

Inventory:

Armour
 a - a +0 robe (worn)
Magical Staves
 d - a staff of death (weapon)
Scrolls
 e - a scroll of enchant armour {unknown}
Potions
 b - a potion of magic


   Skills:
 + Level 0.4 Fighting
 + Level 0.2 Staves
 + Level 0.4 Armour
 + Level 2.3 Dodging
 - Level 2.0 Stealth
 + Level 2.1 Spellcasting
 + Level 1.7 Conjurations
 + Level 3.4 Fire Magic


You had 4 spell levels left.
You knew the following spells:

 Your Spells              Type           Power      Damage    Failure   Level
a - Foxfire               Conj/Fire      56%        2x1d6     8%          1

Your spell library contained the following spells:

 Spells                   Type           Power      Damage    Failure   Level
 Scorch                   Fire           34%        2d6       9%          2
 Conjure Flame            Conj/Fire      14%        6-21      22%         3
 Inner Flame              Hex/Fire       10%        N/A       32%         3
 Flame Wave               Conj/Fire      14%        2d6       58%         4


Dungeon Overview and Level Annotations

Branches:
Dungeon (1/15)

Altars:

Shops:
D:1 (


Innate Abilities, Weirdness & Mutations

You have a beak for a mouth.
You have claws for feet.


Message History

The goblin misses you. The quokka bites you.
The kobold hits you but does no damage.
The hobgoblin shouts!
The foxfire hits the endoplasm.
The endoplasm is severely wounded.
The foxfire hits the endoplasm.
You kill the endoplasm!
The quokka bites you. The goblin misses you. The goblin closely misses you.
The kobold barely misses you.
You are too injured to fight recklessly!
You are too injured to fight recklessly!
It was a potion of brilliance.
You feel clever all of a sudden. The quokka barely misses you.
The kobold hits you but does no damage. The goblin barely misses you.
The goblin hits you with a +0 club.
* * * LOW HITPOINT WARNING * * *
The goblin closely misses you. The quokka closely misses you.
Your magical contamination has completely faded away.
Casting: Foxfire (safe; 8% risk of failure)
Confirm with . or Enter, or press ? or * to list all spells.
You feel a surge of power!
You conjure some foxfire!
The quokka barely misses you. The goblin hits you but does no damage.
The foxfire hits the goblin.
You kill the goblin!
The foxfire hits the quokka.
You kill the quokka!
The goblin misses you.
Casting: Foxfire (safe; 8% risk of failure)
Confirm with . or Enter, or press ? or * to list all spells.
You feel a surge of power!
You miscast Foxfire.
You are very lightly contaminated with residual magic.
Nothing appears to happen.
The goblin hits you with a +0 club.
* * * LOW HITPOINT WARNING * * *
The kobold misses you.
Casting: Foxfire (safe; 8% risk of failure)
Confirm with . or Enter, or press ? or * to list all spells.
You feel a surge of power!
You conjure some foxfire!
The goblin hits you with a +0 club.
You die...

#...........#........#
.....................#
................)....#
[#...................#
.###..#..............#
## .[...#..#..#...###
........#....###
..........vv# ###
.........)@##...#
#..###..(#Kg..#.# #.
#....g.....#
#.?...?#.∩.#
#..........#
#........#.#
#...........#
...........###
.###........#


You could see a hobgoblin, a goblin (ally target) and a kobold (ally target).

Vanquished Creatures
  2 endoplasms (D:1)
  2 goblins (D:1)
  A quokka (D:1)
  2 bats (D:1)
  2 kobolds (D:1)
  A rat (D:1)
10 creatures vanquished.

Vanquished Creatures (others)
  19 foxfires (D:1)
19 creatures vanquished.

Grand Total: 29 creatures vanquished

Notes
Turn   | Place    | Note
-------+----------+-------------------------------------------
     0 | D:1      | kae the Tengu Fire Elementalist began the quest for the
                  | Orb.
     0 | D:1      | Reached XP level 1. HP: 10/10 MP: 4/4
   156 | D:1      | Reached XP level 2. HP: 15/15 MP: 1/6
   212 | D:1      | Found Hukher's Antique Weapon Shop.
   234 | D:1      | Slain by a goblin

Illustrated notes

Levels and vault maps discovered:
D:1:      nicolae_arrival_memento_mori, layout_rooms, serial_shops,
          nicolae_shop_stone

Action                   || total
-------------------------++-------
Melee: Staff             ||     3
       Kick              ||     2
 Cast: Foxfire           ||    12
  Use: Potion            ||     1
Armor: Robe              ||     5
Dodge: Dodged            ||    16

Table legend: (Time is in decaauts)
 A = Elapsed time spent in this place.
 B = Non-inter-level travel time spent in this place.
 C = Inter-level travel time spent in this place.
 D = Time resting spent in this place.
 E = Time spent auto-exploring this place.
 F = Levels seen in this place.
 G = Mean time per level.
                   A        B        C        D        E       F      G
               +--------+--------+--------+--------+--------+-----+--------+
         Total |    234 |    234 |      0 |      0 |    174 |   1 |  234.0 |
       Dungeon |    234 |    234 |      0 |      0 |    174 |   1 |  234.0 |
               +--------+--------+--------+--------+--------+-----+--------+

Top non-repeatable levels by time:
     D:1: 234 daAuts
